 Dungeon Crawl Stone Soup version 0.20-a0-465-g6513c8f (webtiles) character file.

2311 dobroeutro the Basher (level 9, -4/56 HPs)
             Began as a Gargoyle Fighter on Jan 12, 2017.
             Was a Priest of Okawaru.
             Killed by divine providence
             ... invoked by an orc priest
              (14 damage)
             ... on level 7 of the Dungeon.
             The game lasted 00:07:27 (5547 turns).

dobroeutro the Basher (Gargoyle Fighter)            Turns: 5547, Time: 00:07:27

Health: -4/56      AC: 19    Str: 22    XL:     9   Next: 41%
Magic:  9/9        EV: 11    Int: 15    God:    Okawaru [***...]
Gold:   314        SH:  9    Dex: 13    Spells: 8/8 levels left

rFire  . . .     SeeInvis .     a - +0 flail
rCold  . . .     Gourm    .     s - +5 leather armour "Onowef" {rPois Int+6}
rNeg   + . .     Faith    .     c - +0 shield
rPois  ∞         Spirit   .     A - +2 helmet
rElec  +         Reflect  .     (no cloak)
rCorr  .         Harm     .     q - +0 pair of gloves
MR     .....                    (no boots)
Stlth  +.........               (no amulet)
                                w - ring of wizardry
                                p - +3 ring of dexterity

@: no status effects
A: negative energy resistance 1, electricity resistance, unbreathing,
petrification resistance, rot immunity, AC +5
a: Heroism, Renounce Religion


You were on level 7 of the Dungeon.
You worshipped Okawaru.
Okawaru was most pleased with you.
You were not hungry.

You visited 1 branch of the dungeon, and saw 7 of its levels.

You collected 314 gold pieces.

Inventory:

Hand Weapons
 a - a +0 flail (weapon)
Armour
 b - a +0 scale mail
 c - a +0 shield (worn)
 q - a +0 pair of gloves (worn)
 s - the +5 leather armour "Onowef" (worn) {rPois Int+6}
   (You found it on level 4 of the Dungeon)

   It affects your intelligence (+6).
   It protects you from poison.
 A - a +2 helmet (worn)
Jewellery
 p - a +3 ring of dexterity (left hand)
 w - a ring of wizardry (right hand)
Wands
 y - a wand of paralysis (9/24)
 z - a wand of confusion (27/48)
Scrolls
 e - a scroll of remove curse
 g - 3 scrolls of recharging
 j - 3 scrolls of teleportation
 k - a scroll of noise {unknown}
 n - 5 scrolls of identify
 u - a scroll of magic mapping {unknown}
Potions
 h - a potion of haste
 l - a potion of curing {unknown}
 m - a potion of invisibility
 o - a potion of heal wounds {unknown}
 r - a potion of magic
 v - a potion of flight {unknown}
 x - a potion of lignification {unknown}
Books
 d - a book of Geomancy

   Spells                             Type                      Level
   a - Sandblast                      Earth                        1
   b - Passwall                       Transmutation/Earth          2
   c - Stone Arrow                    Conjuration/Earth            3
   d - Petrify                        Transmutation/Earth          4
   e - Lee's Rapid Deconstruction     Earth                        5
Comestibles
 f - 10 bread rations
 i - 3 meat rations
 t - 3 beef jerkies
 B - 9 fruits


   Skills:
 + Level 6.5 Fighting
 * Level 8.8 Maces & Flails
 + Level 6.3 Armour
 + Level 4.0 Dodging
 - Level 3.2 Shields


You had 8 spell levels left.
You didn't know any spells.

Dungeon Overview and Level Annotations

Branches:
Dungeon (7/15)             Temple (0/1) D:6

Altars:
Elyvilon
Fedhas
Nemelex Xobeh
Okawaru
Qazlal
Trog
Xom
The Shining One

Shops:
D:4 *


Innate Abilities, Weirdness & Mutations

You are resistant to torment.
Your stone body is resilient. (AC +5)
You are immune to poison.
You resist negative energy. (rN+)
You are resistant to electric shocks. (rElec)
You can survive without breathing.
You are immune to petrification.
You are immune to rotting.


Message History

Okawaru accepts your kill.
The orc priest shouts!
The orc shouts!
The orc priest miscasts a cantrip.
An orc priest comes into view. It is wielding a club.
The orc priest invokes the aid of Beogh against you.
Beogh smites you!
You hear a shout!
An orc comes into view.
The orc priest shouts!
You closely miss the orc priest. You block the orc's attack.
The orc priest calls down the wrath of Beogh upon you.
Beogh smites you!
The orc priest hits you with a mace of holy wrath!
The orc priest invokes the aid of Beogh against you.
Beogh smites you!
* * * LOW HITPOINT WARNING * * *
The orc priest calls down the wrath of Beogh upon you.
Beogh smites you!
You die...

#........................#.....#.
#........................#.....##
#................##.....##.....##
#................#########o....##
#.....##...###...##.....##.o...##
#...†.########...##............#.
#......#....#..................##
#....).#....#....##..o..##.....##
#......#....#...@##.....##......#
#......#....#....o.oo...).o.....#
#......+....#.........o.##.....##
##....##...##....##.....##.....##
##....##...##..[.##......#.....##
#.................#......'.......
#.................#......#.......
#.................#......#.......
#################################


You could see 3 orc priests and an orc.

Vanquished Creatures
  The ghost of confidenceinterval the Martial Artist, a novice MfTm (D:7)
  A hungry ghost (D:7)
  2 orc warriors
  2 ice beasts (D:6)
  A necrophage (D:6)
  A centaur (D:5)
  4 bullfrogs
  A wyvern zombie (D:6)
  3 scorpions
  A water moccasin skeleton (D:4)
  A crimson imp (D:6)
  A centaur zombie (D:6)
  A bullfrog zombie (D:6)
  A centaur skeleton (D:4)
  2 orc priests (D:6)
  2 hounds
  An iguana (D:4)
  An orc wizard (D:7)
  2 worker ants
  A killer bee zombie (D:5)
  A hound skeleton (D:7)
  A worker ant zombie (D:6)
  4 gnolls (D:7)
  11 adders
  6 worms
  A dart slug (D:2)
  4 leopard geckos
  7 orcs
  4 giant cockroaches
  5 goblins
  8 hobgoblins
  2 jackals (D:4)
  11 kobolds
  A quokka (D:6)
  2 ball pythons
  5 bats
  8 frilled lizards
  11 rats
122 creatures vanquished.

Vanquished Creatures (others)
  2 plants (D:6)
2 creatures vanquished.

Grand Total: 124 creatures vanquished

Notes
Turn   | Place    | Note
-------+----------+-------------------------------------------
     0 | D:1      | dobroeutro the Gargoyle Fighter began the quest for the Orb.
     0 | D:1      | Reached XP level 1. HP: 14/14 MP: 1/1
   280 | D:1      | Reached XP level 2. HP: 18/19 MP: 2/2
   410 | D:1      | Reached skill level 3 in Maces & Flails
   771 | D:2      | Reached XP level 3. HP: 23/23 MP: 3/3
  1155 | D:2      | Reached skill level 4 in Maces & Flails
  1508 | D:2      | Found a sparkling altar of Nemelex Xobeh.
  1538 | D:2      | Found a stormy altar of Qazlal.
  1579 | D:3      | Found a white marble altar of Elyvilon.
  1848 | D:3      | Reached XP level 4. HP: 23/28 MP: 4/4
  1969 | D:3      | Found an iron altar of Okawaru.
  1986 | D:3      | Became a worshipper of Warmaster Okawaru
  2201 | D:4      | Reached skill level 5 in Maces & Flails
  2201 | D:4      | Reached XP level 5. HP: 24/32 MP: 5/5
  2246 | D:4      | Found Esytatol's General Store.
  2501 | D:4      | Reached skill level 1 in Dodging
  2560 | D:4      | Reached XP level 6. HP: 36/37 MP: 6/6
  2744 | D:4      | Reached * piety under Okawaru
  2785 | D:4      | Got a scorched leather armour
  2796 | D:4      | Identified the +5 leather armour "Onowef" {rPois Int+6} (You found it on level 4 of the Dungeon)
  3033 | D:5      | Entered Level 5 of the Dungeon
  3183 | D:5      | Reached skill level 6 in Maces & Flails
  3212 | D:5      | Reached XP level 7. HP: 44/44 MP: 7/7
  3238 | D:5      | Found a shimmering altar of Xom.
  3263 | D:5      | Noticed a moth of wrath
  3265 | D:5      | Found a bloodstained altar of Trog.
  3536 | D:6      | Reached ** piety under Okawaru
  3607 | D:6      | Found a glowing golden altar of the Shining One.
  3657 | D:6      | Reached XP level 8. HP: 27/48 MP: 8/8
  3738 | D:6      | Reached skill level 7 in Maces & Flails
  3746 | D:6      | Reached skill level 5 in Fighting
  4054 | D:6      | Found a staircase to the Ecumenical Temple.
  4100 | D:6      | Reached skill level 5 in Armour
  4455 | D:6      | Found a blossoming altar of Fedhas.
  4533 | D:7      | Noticed confidenceinterval's ghost (novice MfTm)
  4589 | D:7      | HP: 1/50 [confidenceinterval's ghost (4)]
  4591 | D:7      | Killed confidenceinterval's ghost
  4591 | D:7      | Reached *** piety under Okawaru
  4591 | D:7      | Reached skill level 8 in Maces & Flails
  4591 | D:7      | Reached XP level 9. HP: 1/55 MP: 9/9
  5547 | D:7      | Killed from afar by an orc priest

Vault maps used:
D:1:      saegor_arrival_simple_e
D:2:      nicolae_overflow_hidden_temple, serial_forest,
          infiniplex_forest_lined_4_way, infiniplex_forest_end_double,
          infiniplex_forest_clump_small, infiniplex_forest_zigzag_2,
          infiniplex_forest_lined_1, infiniplex_forest_clump_diagonal,
          infiniplex_forest_end_double, nemelex_lonely_heart_becter
D:3:      lemuel_crystal_altar, okawaru_ov_weapons_minmay
D:4:      serial_shops, shop, first_bread
D:5:      tgw_trog, basic_altar
D:6:      corexii_shack_village, lemuel_doored_altar, fedhas_altar_fruit_tree

Skill      XL: |  1  2  3  4  5  6  7  8  9 |
---------------+----------------------------+-----
Maces & Flails | 3 4 5 6 8 |  8.8
Dodging        | 1 2 3 4 |  4.0
Fighting       | 4 6 |  6.5
Armour         | 4 5 6 |  6.3
Shields        | |  3.2

Action                   |  1- 3 |  4- 6 |  7- 9 || total
-------------------------+-------+-------+-------++-------
Melee: Flail             |   183 |   158 |   322 ||   663
Invok: Heroism           |       |       |     2 ||     2
  Use: Scroll            |     1 |       |     3 ||     4
       Potion            |       |       |     4 ||     4
 Stab: Sleeping          |       |       |     3 ||     3
       Invisible         |       |       |     2 ||     2
  Eat: Chunk             |     3 |     3 |     9 ||    15
       Meat ration       |       |       |     1 ||     1
Armor: Scale mail        |    79 |    56 |       ||   135
       Leather armour    |       |    28 |   177 ||   205
Dodge: Dodged            |    64 |    56 |   137 ||   257
Block: Shield            |   101 |    79 |   157 ||   337
